 Dungeon Crawl Stone Soup version 0.20-a0-222-gb69ddcd (webtiles) character file.

136 patrickswayze the Sneak (level 4, -5/27 HPs)
             Began as a Deep Elf Chaos Knight on Nov 30, 2016.
             Killed by divine providence
             ... invoked by an orc priest
              (11 damage)
             ... on level 4 of the Dungeon.
             The game lasted 00:04:59 (3031 turns).

patrickswayze the Sneak (Deep Elf Chaos Knight)     Turns: 3031, Time: 00:05:00

Health: -5/27      AC:  7    Str:  9    XL:     4   Next: 98%
Magic:  6/6        EV: 12    Int: 17    God:    Xom [....*.]
Gold:   276        SH:  0    Dex: 15    Spells: 3/3 levels left

rFire  . . .     SeeInvis .     a - +2 short sword (vamp)
rCold  . . .     Gourm    .     b - +2 leather armour
rNeg   + . .     Faith    .     (no shield)
rPois  .         Spirit   .     n - +0 helmet
rElec  .         Reflect  .     (no cloak)
rCorr  .         Harm     .     (no gloves)
MR     .....                    (no boots)
Stlth  +++.......               (no amulet)
                                g - +1 ring of protection
                                m - ring of positive energy

@: no status effects
A: no striking features
a: Renounce Religion


You were on level 4 of the Dungeon.
You worshipped Xom.
You were a beloved toy of Xom.
You were not hungry.

You visited 1 branch of the dungeon, and saw 4 of its levels.

You collected 276 gold pieces.


   Skills:
 - Level 2.4 Fighting
 - Level 3.0 Short Blades
 - Level 0.7 Armour
 - Level 2.4 Dodging
 + Level 6.2 Stealth


You had 3 spell levels left.
You didn't know any spells.

Inventory:

Hand Weapons
 a - a +2 vampiric short sword (weapon)
Missiles
 l - 4 tomahawks of returning (quivered)
 o - 31 stones
Armour
 b - a +2 leather armour (worn)
 n - a +0 helmet (worn)
 r - a +2 hat
Jewellery
 g - a +1 ring of protection (right hand)
 m - a ring of positive energy (left hand)
 t - an uncursed amulet of harm
Scrolls
 d - a scroll of immolation {unknown}
 e - a scroll of enchant weapon {unknown}
 f - a scroll of identify
 h - a scroll of recharging {unknown}
 j - 2 scrolls of amnesia {unknown}
 k - a scroll of fear {unknown}
 s - a scroll of remove curse {unknown}
 u - a scroll of fog {unknown}
 w - a scroll of enchant armour {unknown}
Comestibles
 c - a bread ration
 q - 2 beef jerkies


Message History

The orc wizard gestures wildly while chanting.
The orc wizard flickers and vanishes!
Deactivating autopickup; reactivate with Ctrl-A.
You see here a scroll labeled ZOMYCI USIO.
Something tries to affect you, but you resist.
There is a stone staircase leading up here.
Something tries to affect you, but you resist.
The orc priest misses you.
The orc priest mumbles some strange prayers to Beogh against you.
Pain shoots through your body!
You are now a beloved toy of Xom.
The orc priest calls down the wrath of Beogh upon you.
Beogh smites you!
Ouch! That really hurt!
* * * LOW HITPOINT WARNING * * *
There is a stone staircase leading up here.
The orc priest invokes the aid of Beogh against you.
Beogh smites you!
You die...
Xom thinks this is hilarious!

##### ##########.....
# ####..............
..
....................
..
............@.......
..
...............######
.. .(...........o##
.. ..>......#..o## ..
.......##Z.## #
.......#.(## .
#.#.#.#...## ..
.........## .#
#Z#.#.#.##


You could see an orc priest, an orc and a ball python skeleton.

Vanquished Creatures
  A worker ant (D:3)
  3 adders (D:3)
  An ooze (D:2)
  3 dart slugs
  3 leopard geckos
  4 orcs
  2 giant cockroaches
  8 goblins
  5 hobgoblins
  2 quokkas
  A ball python (D:3)
  11 bats
  3 frilled lizards
  7 kobolds
  17 rats
71 creatures vanquished.

Notes
Turn   | Place    | Note
-------+----------+-------------------------------------------
     0 | D:1      | patrickswayze the Deep Elf Chaos Knight began the quest for the Orb.
     0 | D:1      | Reached XP level 1. HP: 13/13 MP: 3/3
    36 | D:1      | Reached skill level 1 in Stealth
    91 | D:1      | XOM: smoke on damage
   123 | D:1      | XOM: divination: detect items
   157 | D:1      | Reached skill level 2 in Stealth
   198 | D:1      | Reached XP level 2. HP: 10/18 MP: 4/4
   464 | D:1      | XOM: harmless Hex miscast
   502 | D:1      | Reached skill level 3 in Stealth
   909 | D:2      | Reached XP level 3. HP: 20/22 MP: 5/5
  1032 | D:2      | XOM: cast spell 'Olgreb's Toxic Radiance'
  1089 | D:2      | Reached skill level 4 in Stealth
  1448 | D:2      | XOM: noise
  1733 | D:3      | Reached skill level 5 in Stealth
  1733 | D:3      | Reached XP level 4. HP: 24/27 MP: 6/6
  2231 | D:3      | XOM: medium Hex miscast
  2408 | D:3      | XOM: divination: detect creatures
  2578 | D:3      | XOM: harmless Chrm miscast
  2634 | D:4      | Noticed an ogre
  2736 | D:3      | Reached skill level 6 in Stealth
  2759 | D:3      | HP: 5/27 [poisoned by a worker ant]
  3031 | D:4      | Killed from afar by an orc priest

Vault maps used:
D:1:      minmay_arrival_three_doors, serial_bayou_lagoon_a
D:2:      minmay_rat_gold_closets
D:3:      grunt_ministairs_3, saegor_snake_ambush
D:4:      lemuel_doored_altar, first_bread, grunt_ministairs_2, st_stairs_13,
          minivault_26

Action                   |  1- 3 |  4- 6 || total
-------------------------+-------+-------++-------
Melee: Short sword       |    99 |    90 ||   189
  Use: Scroll            |       |     3 ||     3
 Stab: Distracted        |     1 |       ||     1
       Sleeping          |    14 |     4 ||    18
  Eat: Chunk             |     2 |     5 ||     7
       Bread ration      |       |     1 ||     1
Armor: Leather armour    |    24 |    26 ||    50
Dodge: Dodged            |    43 |    69 ||   112
